 Dungeon Crawl Stone Soup version 0.29-a0-243-g602b31c20e (webtiles) character file.

Game seed: 4648018030604949576

904 fcSolar the Covered (level 7, -8/61 HPs)
             Began as a Minotaur Fighter on Mar 5, 2022.
             Killed by nerve-wracking pain
             ... invoked by an orc priest
              (11 damage)
             ... on level 5 of the Dungeon.
             The game lasted 00:24:58 (5207 turns).

fcSolar the Covered (Minotaur Fighter)              Turns: 5207, Time: 00:25:01

Health: -8/61      AC: 19    Str: 28    XL:     7   Next: 80%
Magic:  6/6        EV:  9    Int:  5    God:
Gold:   202        SH:  0    Dex: 10    Spells: 6/6 levels left

rFire   . . .      SeeInvis .   h - +1 short sword (protect)
rCold   . . .      Faith    .   c - +0 buckler
rNeg    . . .      Spirit   .   i - +0 chain mail
rPois   .          Reflect  .   (helmet restricted)
rElec   .          Harm     .   (no cloak)
rCorr   .          Rampage  .   s - +0 pair of gloves
Will    .....                   j - +0 pair of boots
Stlth   ..........              (no amulet)
HPRegen 0.20/turn               m - +4 ring of slaying
MPRegen 0.10/turn               r - +6 ring of strength

@: confused, mighty, under a protective aura
A: horns 2, retaliatory headbutt
a: no special abilities


You were on level 5 of the Dungeon.
You visited 1 branch of the dungeon, and saw 5 of its levels.

You collected 202 gold pieces.

Inventory:

Hand Weapons
 h - a +1 short sword of protection (weapon)
 k - a +0 rapier
Missiles
 g - 87 stones (quivered)
Armour
 c - a +0 buckler (worn)
 f - a +0 chain mail
 i - a +0 chain mail (worn)
 j - a +0 pair of boots (worn)
 l - a +0 leather armour
 s - a +0 pair of gloves (worn)
Jewellery
 b - a ring of resist corrosion
 e - a ring of magical power
 m - a +4 ring of slaying (left hand)
 n - a +6 ring of intelligence
 p - a ring of see invisible
 q - a ring of protection from cold
 r - a +6 ring of strength (right hand)
 t - a +6 ring of intelligence
 v - a ring of protection from cold
Wands
 d - a wand of polymorph (2)
Scrolls
 a - a scroll of fog
 o - 2 scrolls of identify
 u - a scroll of teleportation


   Skills:
 + Level 5.1 Fighting
 + Level 4.7(5.1) Short Blades
 + Level 3.3(4.8) Long Blades
 + Level 2.0 Throwing
 + Level 6.0 Armour
 + Level 3.0 Dodging
 + Level 1.1 Stealth
 + Level 5.4 Shields


You had 6 spell levels left.
You didn't know any spells.
Your spell library contained the following spells:

 Spells                   Type           Power      Damage    Failure   Level
 Blink                    Tloc           0%         N/A       99%         2
 Lesser Beckoning         Tloc           0%         N/A       100%        3
 Leda's Liquefaction      Hex/Erth       0%         N/A       100%        4
 Borgnjor's Vile Clutch   Necr/Erth      0%         N/A       100%        5
 Manifold Assault         Tloc           0%         N/A       100%        5
 Necromutation            Tmut/Necr      0%         N/A       100%        8


Dungeon Overview and Level Annotations

Branches:
Dungeon (5/15)
 Temple: D:4-7

Altars:
Gozag
Yredelemnul

Shops:
D:4 *


Innate Abilities, Weirdness & Mutations

You have a pair of horns on your head.
You reflexively headbutt those who attack you in melee.


Message History

You resist with some effort.
The orc priest hits you but does no damage.
You hear some strange, mumbled words.
You are more confused.
You're too confused to move!
The orc wizard closely misses you. The orc priest closely misses you.
You hear some strange, mumbled words.
A puff of flame appears from out of thin air!
The puff of flame hits you.
* * * LOW HITPOINT WARNING * * *
The orc wizard closely misses you.
The orc priest hits you but does no damage.
You feel very mighty all of a sudden. The orc wizard barely misses you.
Something hits you but does no damage. The orc priest barely misses you.
You bump into the rock wall.
You hear some strange, mumbled words.
A puff of flame appears from out of thin air!
The puff of flame hits you.
* * * LOW HITPOINT WARNING * * *
The orc wizard hits you but does no damage.
The orc priest hits you but does no damage.
You are too confused!
A magic dart appears from out of thin air!
The magic dart hits you but does no damage.
The orc wizard gestures at you while chanting.
The puff of flame hits you.
* * * LOW HITPOINT WARNING * * *
You're too confused to move!
The orc wizard casts a spell.
The orc wizard flickers and vanishes!
The orc priest hits you but does no damage.
You hit the orc priest.
Your weapon exudes an aura of protection.
Your headbutt misses the orc priest.
The orc priest is moderately wounded.
Something hits you but does no damage.
The orc priest invokes the aid of Beogh against you.
Pain shoots through your body!
You die...

. ............+.....# ..
#+###....#####.....#
..##..##....##..#.....##
.............#..+.......
.............#.. .......
..##..########'##.......
..##..#........){.......
......+....).(.{o###+##
......#.........@#
#.##.##..........#
.+##.#......###+##
.....'†>....#
.....#......#
.##+##......#
........#####
........#..#
........'..'


You could see an orc priest.

Vanquished Creatures
  Eustachio (D:4)
  An ice beast (D:5)
  2 phantoms (D:5)
  A necrophage (D:3)
  2 scorpions
  2 hounds
  An orc priest (D:4)
  Ijyb (D:4)
  An iguana (D:4)
  2 orc wizards
  Robin (D:2)
  3 adders
  A shadow imp (D:5)
  3 worms
  A dart slug (D:4)
  8 orcs
  10 endoplasms
  7 giant cockroaches
  13 goblins
  9 hobgoblins
  6 quokkas
  7 ball pythons
  6 bats
  6 frilled lizards
  6 kobolds
  3 rats
104 creatures vanquished.

Notes
Turn   | Place    | Note
-------+----------+-------------------------------------------
     0 | D:1      | fcSolar the Minotaur Fighter began the quest for the Orb.
     0 | D:1      | Reached XP level 1. HP: 19/19 MP: 0/0
   121 | D:1      | Reached XP level 2. HP: 11/27 MP: 1/1
   564 | D:1      | Reached skill level 4 in Armour
   771 | D:1      | Found a faded altar of an unknown god.
  1036 | D:2      | Noticed Robin
  1059 | D:2      | Reached XP level 3. HP: 29/33 MP: 2/2
  1235 | D:2      | Killed Robin
  1383 | D:2      | You fall into a shaft and drop 1 floor!
  1383 | D:3      | Noticed a necrophage
  1400 | D:3      | Killed a necrophage
  1401 | D:3      | Reached skill level 1 in Short Blades
  1401 | D:3      | Reached skill level 1 in Dodging
  1401 | D:3      | Reached XP level 4. HP: 36/40 MP: 3/3
  1677 | D:3      | Reached XP level 5. HP: 46/46 MP: 4/4
  2254 | D:2      | Got Jeezan's Volume of the Shifting Rocks
  2974 | D:4      | Found an opulent altar of Gozag.
  2986 | D:4      | Found Gozag's Platinum Reserve.
  2996 | D:4      | Noticed Eustachio
  2998 | D:4      | Noticed Ijyb
  3047 | D:4      | Killed Eustachio
  3048 | D:4      | Reached skill level 5 in Armour
  3048 | D:4      | Reached XP level 6. HP: 8/53 MP: 5/5
  3086 | D:4      | HP: 1/53 [Ijyb/+0 club (6)]
  3097 | D:4      | Killed Ijyb
  3098 | D:4      | Reached skill level 1 in Throwing
  3882 | D:4      | Reached skill level 5 in Fighting
  4102 | D:4      | Reached XP level 7. HP: 61/61 MP: 6/6
  4885 | D:5      | Entered Level 5 of the Dungeon
  4988 | D:5      | Reached skill level 1 in Stealth
  5148 | D:5      | Reached skill level 5 in Shields
  5164 | D:5      | Found a basalt altar of Yredelemnul.
  5169 | D:5      | Reached skill level 6 in Armour
  5205 | D:5      | HP: 2/61 [orc wizard/puff of flame (5)]
  5207 | D:5      | Killed from afar by an orc priest

Illustrated notes

Levels and vault maps discovered:
D:1:      dreamdust_arrival_beginning_and_end, layout_basic,
          hellmonk_ecumenical_altar_zigzags, minmay_liquid_box,
          minmay_misc_feat_more_columns, serial_bayou_crossing
D:2:      minmay_spotlight, layout_loops_cross, amcnicky_mini_corridor_feature,
          uniq_robin
D:3:      layout_basic, st_stairs_12
D:4:      minmay_angry_zag, layout_layer_cave, nicolae_gozag_zags_fifth_avenue,
          minmay_crystal_water, uniq_ijyb, uniq_eustachio
D:5:      layout_gridville, mainiacjoe_overflow_concentric_impassable,
          minmay_temple_entry_statues_fountains

Skill      XL: |  1  2  3  4  5  6  7 |
---------------+----------------------+-----
Shields        | 4 5 |  5.4
Armour         | 4 5 6 |  6.0
Long Blades    | 3 |  3.3
Fighting       | 4 5 |  5.1
Short Blades   | 1 3 4 |  4.7
Dodging        | 1 2 3 |  3.0
Throwing       | 1 2 |  2.0
Stealth        | 1 |  1.1

Action                   |  1- 3 |  4- 6 |  7- 9 || total
-------------------------+-------+-------+-------++-------
Melee: Long sword        |    49 |       |       ||    49
       Headbutt          |    12 |    26 |    11 ||    49
       Short sword       |    44 |   181 |    78 ||   303
       Unarmed           |       |     4 |       ||     4
Throw: Stone             |     8 |    15 |    15 ||    38
  Use: Scroll            |     1 |     7 |       ||     8
       Potion            |     1 |     6 |     1 ||     8
Armor: Scale mail        |    57 |     3 |       ||    60
       Chain mail        |       |    80 |    44 ||   124
       Skin              |       |    85 |       ||    85
Dodge: Dodged            |    45 |    58 |    27 ||   130
Block: Buckler           |    24 |    42 |    10 ||    76

Table legend: (Time is in decaauts)
 A = Elapsed time spent in this place.
 B = Non-inter-level travel time spent in this place.
 C = Inter-level travel time spent in this place.
 D = Time resting spent in this place.
 E = Time spent auto-exploring this place.
 F = Levels seen in this place.
 G = Mean time per level.
                   A        B        C        D        E       F      G
               +--------+--------+--------+--------+--------+-----+--------+
         Total |   5189 |   5189 |      0 |    506 |   2548 |   5 | 1037.8 |
       Dungeon |   5189 |   5189 |      0 |    506 |   2548 |   5 | 1037.8 |
               +--------+--------+--------+--------+--------+-----+--------+

Top non-repeatable levels by time:
     D:4: 1945 daAuts
     D:1: 1246 daAuts
     D:2: 912 daAuts
     D:3: 769 daAuts
     D:5: 316 daAuts
